 Dungeon Crawl Stone Soup version 0.22-a0-348-gd16d139 (webtiles) character file.

20386 VLARC the Grappler (level 12, -14/111 HPs)
             Began as a Troll Monk on Apr 8, 2018.
             Was a Priest of Elyvilon.
             Demolished by a harpy (17 damage)
             ... summoned by Kirke
             ... on level 4 of the Lair of Beasts.
             The game lasted 00:30:52 (12145 turns).

VLARC the Grappler (Troll Monk)                    Turns: 12145, Time: 00:30:53

Health: -14/111    AC:  0    Str: 26    XL:     12   Next: 44%
Magic:  10/18      EV: 16    Int:  6    God:    Elyvilon [***...]
Gold:   715        SH:  0    Dex: 12    Spells: 11/11 levels left

rFire    . . .     SeeInvis .     - Unarmed
rCold    . . .     Gourm    +   (shield currently unavailable)
rNeg     . . .     Faith    .   (armour currently unavailable)
rPois    .         Spirit   .   (helmet currently unavailable)
rElec    .         Reflect  .   (cloak currently unavailable)
rCorr    .         Harm     .   (gloves unavailable)
MR       .....                  (boots unavailable)
Stlth    ++........             (no amulet)
HPRegen  0.68/turn              (ring currently unavailable)
MPRegen  0.16/turn              (ring currently unavailable)

@: pig-form, protection, very quick
A: small, unfitting armour, fast metabolism 3, gourmand, regeneration 1
a: Lesser Healing, Heal Other, Purification, Divine Protection, Renounce
Religion


You were on level 4 of the Lair of Beasts.
You worshipped Elyvilon.
Elyvilon was most pleased with you.
You were very full.
You were a filthy swine.
You visited 3 branches of the dungeon, and saw 15 of its levels.

You collected 951 gold pieces.
You spent 236 gold pieces at shops.

Inventory:

Missiles
 h - 412 stones (quivered)
Armour
 e - a +6 large shield of protection (melded)
 n - the +2 robe "Helaeca" (melded) {rN+}
   (You found it on level 9 of the Dungeon)

   It protects you from negative energy.
 D - a scarf of repulsion (melded)
Jewellery
 c - a ring of poison resistance (melded)
 k - a +5 ring of protection (melded)
 w - a +2 ring of intelligence {unknown}
 x - an uncursed ring of positive energy
 y - an uncursed ring of magical power
Wands
 u - a wand of paralysis (1)
 B - a wand of acid (4)
 H - a wand of iceblast (10)
Scrolls
 a - 5 scrolls of identify
 b - 5 scrolls of enchant weapon
 d - 2 scrolls of magic mapping
 g - 7 scrolls of remove curse
 q - a scroll of fog
 r - 4 scrolls of random uselessness
 z - a scroll of amnesia
Potions
 i - 8 potions of curing
 j - 3 potions of lignification
 l - 4 potions of heal wounds
 m - 2 potions of haste
 o - a potion of cancellation {unknown}
 p - a potion of resistance {unknown}
 s - 2 potions of berserk rage {unknown}
 v - 3 potions of flight {unknown}
 A - 2 potions of agility {unknown}
 C - 2 potions of mutation {unknown}
 F - 3 potions of might {unknown}
Comestibles
 f - 30 rations
 t - 7 chunks of flesh


   Skills:
 - Level 5.0 Fighting
 - Level 4.1 Dodging
 - Level 1.0 Stealth
 + Level 9.6 Shields
 + Level 12.2 Unarmed Combat
 + Level 10.0 Invocations


You had 11 spell levels left.
You didn't know any spells.

Dungeon Overview and Level Annotations

Branches:
Dungeon (10/15)            Temple (1/1) D:5            Lair (4/6) D:10
 Shoals (0/4) Lair:3       Spider (0/4) Lair:2
    Orc: D:9-12

Altars:
Ashenzari
Elyvilon
Fedhas
Hepliaklqana
Makhleb
Nemelex Xobeh
Qazlal
Sif Muna
Trog
Uskayaw
Vehumet
Wu Jian
Xom
Yredelemnul
Zin

Shops:
D:5 [   D:6 (

Annotations:
Lair:1 exclusion: 3 oklob plants
Lair:4 Kirke


Innate Abilities, Weirdness & Mutations

You are too large for most types of armour.
((You have claws for hands.))
Your metabolism is lightning-fast.
You like to eat raw meat.
Your natural rate of healing is unusually fast.
((You are covered in fur. (AC +1)))
((You have very tough skin. (AC +2)))


Message History

Kirke completely misses you. The harpy misses you. The harpy claws you.
* * * LOW HITPOINT WARNING * * *
The harpy claws you!
* * * LOW HITPOINT WARNING * * *
The harpy claws you! Elyvilon protects you from harm!
Unknown command.
You are healed.
You feel somewhat less full.
The harpy screeches!
You hear an angry hiss.
The harpy claws you.
* * * LOW HITPOINT WARNING * * *
The harpy completely misses you. The hog bites you!
Elyvilon protects you from harm! The harpy barely misses you.
The harpy claws you! Elyvilon protects you from harm! The hog bites you.
Elyvilon protects you from harm! The harpy claws you!
You die...

..........## .....
#.........# ....#
#.......## ###...P
###P.......# ...#...
###..........# #
.......##............#
.
......†.............##
. ..................#.#
P .......hh......######
P ......H@.H...###
.......h...†##
............P# .....
.............# .......
.............#
#.....................#
#.....................#
#.....................#


You could see Kirke, 2 harpies and 2 hogs.

Vanquished Creatures
  Pikel (D:5)
  4 elephants (Lair:3)
  Maurice (D:9)
  4 black mambas
  4 spiny frogs
  A torpor snail (Lair:3)
  4 komodo dragons
  A hornet (D:10)
  5 tyrant leeches
  Grinder (D:6)
  5 blink frogs (Lair:3)
  A hippogriff (Lair:2)
  A snapping turtle (Lair:3)
  A dream sheep (D:8)
  4 redbacks
  Sigmund (D:5)
  9 yaks
  Eustachio (D:5)
  A wyvern (D:10)
  A basilisk (Lair:2)
  A hungry ghost (D:9)
  6 swamp worms (Lair:3)
  4 water moccasins
  5 porcupines
  3 ice beasts
  A sky beast (D:10)
  An orc warrior (D:9)
  5 phantoms
  An ogre (D:9)
  2 wolves (Lair:4)
  6 crocodiles
  5 centaurs
  2 big kobolds
  2 gnoll sergeants
  11 bullfrogs
  A scorpion (D:10)
  8 killer bees (D:9)
  4 wights (D:8)
  A howler monkey (D:7)
  3 crimson imps
  A bullfrog zombie (D:6)
  A quasit (D:5)
  A centaur skeleton (D:4)
  6 orc priests
  4 hounds
  A jelly (D:9)
  Ijyb (D:5)
  An iguana (D:7)
  8 orc wizards
  4 worker ants
  A hound skeleton (D:6)
  12 gnolls
  2 worker ant zombies
  8 adders
  4 shadow imps
  3 oozes
  An adder skeleton (D:9)
  An adder zombie (D:6)
  3 worms
  5 dart slugs
  5 leopard geckos
  34 orcs
  7 bats
  4 giant cockroaches
  6 hobgoblins
  3 jackals (D:6)
  2 quokkas
  2 ball pythons
  5 frilled lizards
  2 gnoll zombies (D:9)
  7 goblins
  5 kobolds
  A quokka skeleton (D:4)
  4 rats
278 creatures vanquished.

Vanquished Creatures (others)
  A dream sheep (D:8)
  2 yaks
  A hog (Lair:4)
  A swamp worm (Lair:3)
  2 wolves (Lair:4)
  A big kobold (D:8)
  A scorpion (D:8)
  An orc priest (D:8)
  An orc wizard (D:8)
  2 orcs (D:7)
  A giant cockroach (D:7)
  2 fungi (Lair:4)
  10 plants
26 creatures vanquished.

Grand Total: 304 creatures vanquished

Notes
Turn   | Place    | Note
-------+----------+-------------------------------------------
     0 | D:1      | VLARC the Troll Monk began the quest for the Orb.
     0 | D:1      | Reached XP level 1. HP: 22/22 MP: 0/0
   219 | D:1      | Reached XP level 2. HP: 23/29 MP: 1/1
   635 | D:2      | Found a faded altar of an unknown god.
   665 | D:2      | Reached XP level 3. HP: 30/36 MP: 2/2
  1629 | D:3      | Reached XP level 4. HP: 45/45 MP: 3/3
  1774 | D:3      | Found a radiant altar of Vehumet.
  1780 | D:3      | Found a hazy altar of Hepliaklqana.
  1815 | D:3      | Reached skill level 4 in Unarmed Combat
  2119 | D:4      | Reached XP level 5. HP: 53/53 MP: 4/4
  2937 | D:5      | Entered Level 5 of the Dungeon
  2983 | D:5      | Noticed an ice beast
  3023 | D:5      | Killed an ice beast
  3023 | D:5      | Reached XP level 6. HP: 38/62 MP: 5/5
  3174 | D:5      | Noticed a water moccasin
  3201 | D:5      | HP: 1/62 [poisoned by a water moccasin]
  3203 | D:5      | Killed a water moccasin
  3203 | D:5      | Reached skill level 5 in Unarmed Combat
  3296 | D:5      | Found Kypiakhlif's Armour Shoppe.
  3304 | D:5      | Bought a +2 large shield of protection for 236 gold pieces
  3373 | D:5      | Noticed Pikel
  3376 | D:5      | Noticed a slave
  3385 | D:5      | Noticed a slave
  3387 | D:5      | Noticed a slave
  3393 | D:5      | Killed Pikel
  3393 | D:5      | Reached skill level 6 in Unarmed Combat
  3393 | D:5      | Reached XP level 7. HP: 71/71 MP: 6/6
  3454 | D:5      | Found a staircase to the Ecumenical Temple.
  3460 | D:5      | Reached skill level 5 in Fighting
  3460 | D:5      | Reached XP level 8. HP: 80/80 MP: 7/7
  3467 | Temple   | Entered the Ecumenical Temple
  3485 | Temple   | Became a worshipper of Elyvilon the Healer
  3485 | Temple   | Reached * piety under Elyvilon
  3485 | Temple   | Reached ** piety under Elyvilon
  3541 | D:5      | Noticed Ijyb
  3573 | D:5      | Killed Ijyb
  3573 | D:5      | Reached skill level 1 in Invocations
  3598 | D:5      | Noticed Sigmund
  3650 | D:5      | Killed Sigmund
  3805 | D:5      | Found a shattered altar of Ashenzari.
  3947 | D:5      | Noticed Eustachio
  3996 | D:5      | Killed Eustachio
  4011 | D:5      | Found a burning altar of Makhleb.
  4012 | D:5      | Found a sparkling altar of Nemelex Xobeh.
  4312 | D:4      | Found a blossoming altar of Fedhas.
  4396 | D:6      | You fall through a shaft for 2 floors!
  4399 | D:8      | Reached skill level 7 in Unarmed Combat
  4624 | D:6      | Reached XP level 9. HP: 85/88 MP: 10/10
  4692 | D:6      | Found Paunusoe's Weapon Shoppe.
  4732 | D:6      | Noticed Grinder
  4735 | D:6      | Killed Grinder
  4987 | D:6      | Reached skill level 8 in Unarmed Combat
  5221 | D:7      | Reached skill level 5 in Shields
  5942 | D:7      | Reached skill level 5 in Invocations
  6229 | D:8      | Noticed a two-headed ogre
  6246 | D:8      | Pacified a two-headed ogre
  6620 | D:8      | Noticed a three-headed hydra
  6623 | D:8      | Pacified a three-headed hydra
  6623 | D:8      | Reached skill level 9 in Unarmed Combat
  6623 | D:8      | Reached XP level 10. HP: 82/96 MP: 13/13
  7306 | D:9      | Noticed a guardian serpent
  7309 | D:9      | Pacified a guardian serpent
  7404 | D:9      | Noticed Maurice
  7422 | D:9      | Killed Maurice
  7540 | D:9      | Noticed a guardian serpent
  7870 | D:9      | Reached skill level 10 in Unarmed Combat
  7941 | D:9      | Got a slimy robe
  7952 | D:9      | Identified the +2 robe "Helaeca" {rN+} (You found it on level 9 of the Dungeon)
  8054 | D:9      | Found a basalt altar of Yredelemnul.
  8138 | D:9      | Found a deep blue altar of Sif Muna.
  8165 | D:10     | Entered Level 10 of the Dungeon
  8212 | D:10     | Found a staircase to the Lair.
  8572 | D:10     | Noticed a two-headed ogre
  8573 | D:10     | Pacified a two-headed ogre
  8607 | D:10     | Reached XP level 11. HP: 84/102 MP: 15/15
  8920 | Lair:1   | Entered Level 1 of the Lair of Beasts
  8933 | Lair:1   | Noticed a seven-headed hydra
  8934 | Lair:1   | Pacified a seven-headed hydra
  9108 | Lair:1   | Reached *** piety under Elyvilon
  9323 | Lair:1   | Noticed an oklob plant
  9323 | Lair:1   | Noticed an oklob plant
  9323 | Lair:1   | Noticed an oklob plant
  9832 | Lair:2   | Noticed Nergalle
  9839 | Lair:2   | Pacified Nergalle
  9887 | Lair:2   | Found a white marble altar of Elyvilon.
 10015 | Lair:2   | Reached skill level 11 in Unarmed Combat
 10076 | Lair:2   | Noticed a four-headed hydra
 10079 | Lair:2   | Pacified a four-headed hydra
 10132 | Lair:2   | Found a stormy altar of Qazlal.
 10239 | Lair:2   | Found a hole to the Spider Nest.
 10970 | Lair:3   | Reached XP level 12. HP: 101/111 MP: 17/17
 11076 | Lair:3   | Found a staircase to the Shoals.
 11633 | Lair:3   | Identified Sif Muna's Incunabulum of Floating Cold
 11726 | Lair:3   | Reached skill level 12 in Unarmed Combat
 12130 | Lair:4   | Reached skill level 10 in Invocations
 12131 | Lair:4   | Noticed Kirke
 12144 | Lair:4   | HP: 3/111 [harpy[Kirke] (7)]
 12144 | Lair:4   | Elyvilon protects you from harm!
 12145 | Lair:4   | Elyvilon protects you from harm!
 12145 | Lair:4   | Elyvilon protects you from harm!
 12145 | Lair:4   | Elyvilon protects you from harm!
 12145 | Lair:4   | Demolished by a harpy

Vault maps used:
D:1:      saegor_arrival_simple_b, nrook_mini_vaults
D:2:      chequers_ecumenical_altar_simple_redux
D:3:      grunt_temple_overflow_open, first_ration
D:4:      lemuel_upstairs_altar
D:5:      gammafunk_temple_overflow_statue, minmay_temple_entry_butterflies,
          serial_shops, shop, minmay_misc_feat_x, ashenzari_altar_1, uniq_pikel,
          uniq_sigmund, uniq_eustachio, uniq_ijyb
D:6:      serial_shops, shop, roderic_roman_lattice, uniq_grinder
D:8:      hangedman_ranch, minmay_orc_keep
D:9:      nrook_guardian_serpent_snake_passage, lemuel_coloured_pillars_altar,
          lemuel_zombie_altar_yredelemnul, uniq_maurice
D:10:     cheibrodos_iron_armory, lair_entry_dummy, uniq_urug
Temple:   eino_temple_scatter_basement
Lair:1:   minmay_lair_oklob_chamber, infiniplex_staircase_pool
Lair:2:   spider_nest_entry_webs, basic_altar, lemuel_centaur_altar,
          uniq_nergalle
Lair:3:   minmay_shoals_entry_hut, bh_chokoban, worms_lemuel, grunt_megastairs_1
Lair:4:   uniq_kirke

Skill      XL: |  1  2  3  4  5  6  7  8  9 10 11 12 |
---------------+-------------------------------------+-----
Fighting       | 3 4 5 |  5.0
Dodging        | 3 4 |  4.1
Unarmed Combat | 4 6 7 9 10 11 12 | 12.2
Shields        | 2 4 6 7 9 |  9.6
Invocations    | 3 5 7 9 10 | 10.0
Stealth        | |  1.0

Action                   |  1- 3 |  4- 6 |  7- 9 | 10-12 || total
-------------------------+-------+-------+-------+-------++-------
Melee: Unarmed           |    97 |   144 |   315 |   582 ||  1138
       Punch             |     1 |       |       |       ||     1
Throw: Stone             |       |     5 |     1 |     5 ||    11
Invok: Heal Other        |       |       |    11 |    28 ||    39
       Lesser Healing    |       |       |       |     7 ||     7
       Divine Protection |       |       |       |     1 ||     1
       Purification      |       |       |       |     1 ||     1
Evoke: Wand              |       |     6 |     1 |     9 ||    16
  Use: Potion            |       |     2 |       |       ||     2
       Scroll            |       |       |    11 |    11 ||    22
 Stab: Sleeping          |     2 |     1 |     3 |     1 ||     7
       Distracted        |     1 |       |       |       ||     1
       Paralysed         |       |     8 |     3 |     5 ||    16
  Eat: Chunk             |    10 |    14 |    38 |    69 ||   131
       Ration            |     2 |       |       |       ||     2
Armor: Robe              |    28 |    32 |    52 |   102 ||   214
Dodge: Dodged            |    50 |    32 |    44 |   107 ||   233
       Deflected         |       |       |       |    15 ||    15
Block: Shield            |    12 |    25 |       |       ||    37
       Large shield      |       |    11 |   218 |   549 ||   778

Table legend:
 A = Spawn XP
 B = Non-spawn XP
 C = Spawn XP percentage of total XP
 D = Spawn monster count
 E = Non-spawn monster count
 F = Spawn count percentage of total count
 G = Total turns spent on level
                    A         B        C        D         E        F      G
               +---------+---------+-------+---------+---------+-------+---------
         Total |       0 |   25251 |   0.0 |       0 |     279 |   0.0 | 12145
               +---------+---------+-------+---------+---------+-------+---------
           D:1 |       0 |      29 |   0.0 |       0 |      17 |   0.0 |   635
           D:2 |       0 |      46 |   0.0 |       0 |      16 |   0.0 |   850
           D:3 |       0 |     116 |   0.0 |       0 |      19 |   0.0 |   586
           D:4 |       0 |     149 |   0.0 |       0 |      14 |   0.0 |   881
           D:5 |       0 |    1797 |   0.0 |       0 |      16 |   0.0 |  1365
           D:6 |       0 |    1283 |   0.0 |       0 |      30 |   0.0 |   748
           D:7 |       0 |     756 |   0.0 |       0 |      16 |   0.0 |   972
           D:8 |       0 |    1231 |   0.0 |       0 |      31 |   0.0 |  1164
           D:9 |       0 |    2194 |   0.0 |       0 |      31 |   0.0 |   928
          D:10 |       0 |    1238 |   0.0 |       0 |      19 |   0.0 |   755
        Lair:1 |       0 |    2884 |   0.0 |       0 |       9 |   0.0 |   817
        Lair:2 |       0 |    2764 |   0.0 |       0 |      15 |   0.0 |   771
        Lair:3 |       0 |    8624 |   0.0 |       0 |      33 |   0.0 |  1270
        Lair:4 |       0 |    2140 |   0.0 |       0 |      13 |   0.0 |   367
               +---------+---------+-------+---------+---------+-------+---------
